 Dungeon Crawl Stone Soup version 0.21.1-1-g345015f (webtiles) character file.

489 HotelGloriana the Chopper (level 6, -3/56 HPs)
             Began as a Minotaur Berserker on June 23, 2018.
             Was a Priest of Trog.
             Slain by a hungry ghost (4 damage)
             ... on level 4 of the Dungeon on June 24, 2018.
             The game lasted 00:13:00 (3891 turns).

HotelGloriana the Chopper (Minotaur Berserker)      Turns: 3891, Time: 00:13:01

Health: -3/56      AC:  0    Str: 24    XL:     6   Next: 90%
Magic:  5/5        EV: 13    Int:  4    God:    Trog [***...]
Gold:   152        SH:  0    Dex:  9    Spells: 5/5 levels left

rFire    . . .     SeeInvis .   s - +0 war axe
rCold    . . .     Gourm    .   (no shield)
rNeg     . . .     Faith    .   (no armour)
rPois    .         Spirit   .   (helmet restricted)
rElec    .         Reflect  .   h - scarf {repulsion}
rCorr    .         Harm     .   (no gloves)
MR       .....                  (no boots)
Stlth    +.........             (no amulet)
HPRegen  0.18/turn              (no ring)
MPRegen  0.09/turn              (no ring)

@: berserk cooldown, slowed, repel missiles, very slow
A: retaliatory headbutt, horns 2
a: Berserk, Trog's Hand, Burn Spellbooks, Renounce Religion


You were on level 4 of the Dungeon.
You worshipped Trog.
Trog was most pleased with you.
You were not hungry.

You visited 1 branch of the dungeon, and saw 4 of its levels.

You collected 152 gold pieces.

Inventory:

Hand Weapons
 s - a +0 war axe (weapon)
Armour
 a - a +0 plate armour
 h - a scarf of repulsion (worn)
 u - a +0 hat
Jewellery
 f - an uncursed ring of ice {unknown}
 n - an uncursed ring of ice {unknown}
 x - an uncursed ring of stealth {unknown}
Scrolls
 d - 7 scrolls of identify {unknown}
 e - 5 scrolls of teleportation {unknown}
 g - a scroll of blinking {unknown}
 j - 2 scrolls of enchant weapon {unknown}
 k - 5 scrolls of amnesia {unknown}
 l - a scroll of random uselessness {unknown}
 m - 3 scrolls of remove curse {unknown}
 p - 2 scrolls of enchant armour {unknown}
 t - a scroll of fear {unknown}
 v - a scroll of immolation {unknown}
Potions
 i - a potion of brilliance {unknown}
 o - 3 potions of heal wounds {unknown}
 q - a potion of ambrosia {unknown}
 r - a potion of berserk rage {unknown}
 w - a potion of degeneration {unknown}
Comestibles
 c - a ration


   Skills:
 + Level 5.3 Fighting
 * Level 6.6 Axes
 + Level 4.5 Armour
 + Level 4.0 Dodging


You had 5 spell levels left.
You didn't know any spells.

Dungeon Overview and Level Annotations

Branches:
Dungeon (4/15)
 Temple: D:4-7

Altars:
Gozag
Wu Jian


Innate Abilities, Weirdness & Mutations

You reflexively headbutt those who attack you in melee.
You have a pair of horns on your head.


Message History

You feel slightly more hungry. The hungry ghost hits you.
* * * LOW HITPOINT WARNING * * *
You feel slightly more hungry.
You can move again.
Unknown command.
You hit the hungry ghost but do no damage.
The hungry ghost is heavily damaged.
The hungry ghost hits you.
* * * LOW HITPOINT WARNING * * *
The hungry ghost hits you.
* * * LOW HITPOINT WARNING * * *
You miss the hungry ghost.
The hungry ghost is heavily damaged.
As you are about to starve, you manage to eat something.
You eat one of the 2 rations.
That ration really hit the spot!
The hungry ghost hits you.
* * * LOW HITPOINT WARNING * * *
You feel a lot more hungry. The hungry ghost hits you.
You die...

#.#.# #.#.#####
###.#####..>รท....
#.........#.#####
#.#.#####.#.#
#.#>### #.#.#
#.....###.#.#
####.###.......#
#.W@.# #....)###
#.#..###.##..# #
##.....##..#
#.........#
####..##.##
#..##.# #..##..
...# ##.#


You could see a hungry ghost.

Vanquished Creatures
  Grinder (D:2)
  An orc priest (D:3)
  2 orc wizards
  An iguana (D:4)
  A hound skeleton (D:4)
  7 adders
  4 gnolls (D:2)
  2 worms (D:2)
  4 dart slugs
  4 leopard geckos
  8 orcs
  5 giant cockroaches
  7 goblins (D:1)
  6 hobgoblins
  2 jackals (D:2)
  6 bats
  5 frilled lizards
  9 kobolds
  7 rats
82 creatures vanquished.

Notes
Turn   | Place    | Note
-------+----------+-------------------------------------------
     0 | D:1      | HotelGloriana the Minotaur Berserker began the quest for the Orb.
     0 | D:1      | Reached XP level 1. HP: 19/19 MP: 0/0
   308 | D:1      | Reached XP level 2. HP: 16/27 MP: 1/1
   435 | D:1      | Reached skill level 4 in Axes
  1052 | D:1      | Reached XP level 3. HP: 29/33 MP: 2/2
  1237 | D:2      | Reached ** piety under Trog
  1545 | D:2      | Reached XP level 4. HP: 40/40 MP: 3/3
  1715 | D:2      | Reached skill level 5 in Axes
  2174 | D:3      | Noticed Grinder
  2179 | D:2      | Killed Grinder
  2179 | D:2      | Reached skill level 6 in Axes
  2179 | D:2      | Reached XP level 5. HP: 47/47 MP: 4/4
  2179 | D:2      | Reached XP level 6. HP: 55/55 MP: 5/5
  2238 | D:2      | Reached skill level 5 in Fighting
  3169 | D:3      | Reached *** piety under Trog
  3467 | D:4      | Found an opulent altar of Gozag.
  3597 | D:4      | Found an ornate altar of the Wu Jian Council.
  3859 | D:4      | Noticed a hungry ghost
  3881 | D:4      | Paralysed by fainting for 8 turns
  3890 | D:4      | HP: 2/56 [hungry ghost (3)]
  3891 | D:4      | Slain by a hungry ghost

Skill      XL: |  1  2  3  4  5  6 |
---------------+-------------------+-----
Axes           | 4 6 |  6.6
Fighting       | 4 5 |  5.3
Armour         | 3 4 |  4.5
Dodging        | 3 4 |  4.0

Action                   |  1- 3 |  4- 6 || total
-------------------------+-------+-------++-------
Melee: Hand axe          |    77 |    11 ||    88
       Headbutt          |     9 |    11 ||    20
       War axe           |       |    88 ||    88
Invok: Berserk           |     1 |     7 ||     8
       Trog's Hand       |       |     1 ||     1
 Stab: Sleeping          |     1 |       ||     1
  Eat: Chunk             |     3 |    10 ||    13
       Ration            |       |     3 ||     3
Armor: Animal skin       |     8 |     2 ||    10
Dodge: Dodged            |    55 |    60 ||   115
       Deflected         |       |     2 ||     2
